 Dungeon Crawl Stone Soup version 0.27.1 (webtiles) character file.

Game seed: 11863934261516726566

369 nxtlvl the Ruffian (level 6, 0/59 HPs)
             Began as a Troll Abyssal Knight on Sept 4, 2021.
             Was a Priest of Lugonu.
             Slain by an ice beast (12 damage)
             ... on level 4 of the Dungeon.
             The game lasted 00:06:09 (704 turns).

nxtlvl the Ruffian (Troll Abyssal Knight)            Turns: 704, Time: 00:06:10

Health: 0/59       AC:  4    Str: 21    XL:     6   Next: 41%
Magic:  6/6        EV:  9    Int: 10    God:    Lugonu [***...]
Gold:   109        SH:  0    Dex:  9    Spells: 5/5 levels left

rFire    . . .     SeeInvis .     - Unarmed
rCold    . . .     Faith    .   (no shield)
rNeg     . . .     Spirit   .   a - +0 robe
rPois    .         Reflect  .   (helmet restricted)
rElec    .         Harm     .   (no cloak)
rCorr    .         Rampage  .   (gloves unavailable)
Will     .....                  (boots unavailable)
Stlth    +.........             (no amulet)
HPRegen  1.19/turn              (no ring)
MPRegen  0.10/turn              (no ring)

@: no status effects
A: large, unfitting armour, claws 3, regeneration 1, shaggy fur 1, tough skin 1
a: Renounce Religion, Depart the Abyss, Bend Space, Banish


You were on level 4 of the Dungeon.
You worshipped Lugonu.
Lugonu was most pleased with you.
You visited 1 branch of the dungeon, and saw 4 of its levels.
You visited the Abyss 1 time.

You collected 109 gold pieces.

Inventory:

Missiles
 b - 7 boomerangs
 d - 50 sling bullets
 i - 5 javelins
 k - 18 poisoned darts (quivered)
Armour
 a - a +0 robe (worn)
Wands
 g - a wand of flame (26)
Scrolls
 e - a scroll of enchant weapon {unknown}
 h - a scroll of identify {unknown}
Potions
 c - a potion of brilliance {unknown}
 f - a potion of haste {unknown}
 j - 2 potions of curing {unknown}
 l - 2 potions of resistance


   Skills:
 + Level 2.9 Fighting
 - Level 1.9 Dodging
 * Level 6.3 Unarmed Combat
 + Level 2.3 Invocations


You had 5 spell levels left.
You didn't know any spells.
Your spell library was empty.

Dungeon Overview and Level Annotations

Branches:
Dungeon (4/15)
 Temple: D:4-7

Altars:

Shops:
D:3 (

Annotations:
D:4 1 transporter


Innate Abilities, Weirdness & Mutations

You are too large for most types of armour.
You have claws for hands.
Your natural rate of healing is unusually fast.
You are covered in fur. (AC +1)
You have tough skin. (AC +1)


Message History

The puff of flame hits the ice beast!
The ice beast melts!
The ice beast is heavily wounded.
You claw the ice beast!
The ice beast is severely wounded.
You scratch the ice beast.
The ice beast is severely wounded.
The ice beast misses you. The ice beast closely misses you.
You scratch the ice beast but do no damage.
The ice beast is severely wounded.
The ice beast barely misses you.
You closely miss the ice beast.
The ice beast is severely wounded.
The ice beast hits you but does no damage.
You scratch the ice beast.
The ice beast is almost dead.
The ice beast hits you. The ice beast freezes you!
The ice beast closely misses you. The ice beast hits you.
The ice beast freezes you!
You claw the ice beast!
You kill the ice beast!
Lugonu accepts your kill. The ice beast barely misses you.
The ice beast hits you but does no damage.
You barely miss the ice beast. The ice beast closely misses you. x2
You scratch the ice beast but do no damage.
You claw the ice beast, but do no damage.
The ice beast hits you. The ice beast freezes you!
The ice beast closely misses you.
You closely miss the ice beast.
The ice beast hits you but does no damage.
You barely miss the ice beast. The ice beast hits you.
The ice beast freezes you!
* * * LOW HITPOINT WARNING * * *
The ice beast hits you but does no damage.
You scratch the ice beast. You claw the ice beast!
The ice beast is heavily wounded.
The ice beast hits you.
* * * LOW HITPOINT WARNING * * *
The ice beast freezes you!
You die...

....
#°○.?©[○○°#.#.#....
....
#°○°$)$°°☼#.....###
#.○○...°°.#..##.#
#.☼°○°☼°°°#<..#.#
☼.○○°☼○☼ #)..#.#
###'○'####.#.#.#
#°○...○○##.#.#.#
#°°#Y#☼○##.#...#
#☼☼.@Y○°##.#...#
#°☼#©#☼○##.#...#
#°☼°☼°○°##.#.#.#
#○○°○○☼°##.#.#.##
##########.#.#..#
#.©..# #...#..##
#.#(...#######...####
+....................
#.############.#..###


You could see 2 ice beasts.

Vanquished Creatures
  An ice beast (D:4)
  A necrophage (D:3)
  Ijyb (D:3)
  An orc wizard (D:3)
  Robin (D:2)
  3 gnolls (D:3)
  2 adders (D:3)
  A worm (D:2)
  8 orcs (D:3)
  6 endoplasms
  A giant cockroach (D:3)
  12 goblins
  7 hobgoblins
  8 jackals (D:3)
  2 kobolds
  A quokka (D:1)
  6 ball pythons
  2 bats
  3 frilled lizards
  2 rats
69 creatures vanquished.

Notes
Turn   | Place    | Note
-------+----------+-------------------------------------------
     0 | Abyss:1  | nxtlvl the Troll Abyssal Knight began the quest for the
                  | Orb.
     0 | Abyss:1  | Reached XP level 1. HP: 22/22 MP: 1/1
    14 | Abyss:1  | Found a corrupted altar of Lugonu.
    35 | D:1      | Escaped the Abyss
   136 | D:1      | Reached XP level 2. HP: 29/29 MP: 2/2
   191 | D:1      | Reached skill level 3 in Unarmed Combat
   269 | D:3      | Found Wuxa's Antique Weapon Shoppe.
   311 | D:2      | Reached ** piety under Lugonu
   320 | D:2      | Reached XP level 3. HP: 36/36 MP: 3/3
   325 | D:2      | Noticed Robin
   341 | D:2      | Killed Robin
   350 | D:2      | Reached skill level 4 in Unarmed Combat
   399 | D:3      | Reached XP level 4. HP: 29/44 MP: 4/4
   411 | D:3      | Noticed a necrophage
   416 | D:3      | Killed a necrophage
   417 | D:3      | Reached skill level 5 in Unarmed Combat
   417 | D:3      | Reached XP level 5. HP: 44/50 MP: 5/5
   579 | D:4      | Found a transporter.
   581 | D:4      | Noticed an ice beast
   593 | D:4      | Noticed an ice beast
   593 | D:4      | Noticed an ice beast
   603 | D:3      | Reached *** piety under Lugonu
   604 | D:3      | Noticed Ijyb
   632 | D:3      | Killed Ijyb
   633 | D:3      | Reached skill level 6 in Unarmed Combat
   633 | D:3      | Reached XP level 6. HP: 42/59 MP: 6/6
   677 | D:4      | Found a transporter.
   699 | D:4      | Killed an ice beast
   704 | D:4      | Slain by an ice beast

Illustrated notes

Levels and vault maps discovered:
D:1:      scummos_arrival_star, layout_loops_ring,
          shapermc_ecumenical_altar_acropolis, chequers_serial_rivers_small_3
D:2:      layout_rooms, uniq_robin, uniq_terence, uniq_jessica
D:3:      layout_basic, serial_shops, shop, chequers_serial_rivers_small_3,
          minmay_distorted, uniq_ijyb
D:4:      gammafunk_cloud_chamber, layout_basic

Skill      XL: |  1  2  3  4  5 |
---------------+----------------+-----
Unarmed Combat | 3 4 5 6 |  6.3
Invocations    | 2 |  2.3
Fighting       | |  2.9
Dodging        | |  1.9

Action                   |  1- 3 |  4- 6 || total
-------------------------+-------+-------++-------
Melee: Unarmed           |    79 |    84 ||   163
       Punch             |     2 |     6 ||     8
Evoke: Wand              |       |     3 ||     3
Armor: Robe              |    11 |    28 ||    39
Dodge: Dodged            |    22 |    34 ||    56
